 Dungeon Crawl Stone Soup version 0.31-a0-700-gf13585253f (webtiles) character file.

Game seed: 13447352099645424584

199994 qw the Crack Shot (level 18, -4/125 HPs)
             Began as a Gargoyle Hunter on Sept 7, 2023.
             Was a High Priest of Okawaru.
             Slain by an ironbound frostheart (21 damage)
             ... on level 1 of the Vaults.
             The game lasted 00:13:45 (24920 turns).

qw the Crack Shot (Gargoyle Hunter)                Turns: 24920, Time: 00:13:45

Health: -4/125     AC: 32    Str: 16    XL:     18   Next: 49%
Magic:  19/25      EV: 27    Int: 11    God:    Okawaru [*****.]
Gold:   513        SH:  0    Dex: 25    Spells: 17/17 levels left

rFire   . . .        Y - +6 triple crossbow (chaos)
rCold   . . .        (shield currently unavailable)
rNeg    + . .        b - +0 troll leather armour
rPois   inf          n - +2 helmet
rElec   +            c - +2 cloak
rCorr   .            v - +1 pair of gloves
SInv    +            t - +0 pair of boots
Will    +....        d - amulet of faith
Stlth   ++++         k - +6 ring of dexterity
HPRegen 1.20/turn    y - ring of see invisible
MPRegen 0.19/turn

%: faith
@: about to teleport, heroic, finesse-ful, frozen, flying, very slow
A: sickness immunity, AC +13, big wings, negative energy resistance 1,
electricity resistance, torment resistance 1, petrification resistance,
iridescent scales 1, MP-powered wands
}: 1/15 runes: decaying
a: Renounce Religion, Heroism, Finesse, Duel


You were on level 1 of the Vaults.
You worshipped Okawaru.
Okawaru was extremely pleased with you.
You visited 6 branches of the dungeon, and saw 30 of its levels.

You collected 2937 gold pieces.
You spent 2424 gold pieces at shops.


Innate Abilities, Weirdness & Mutations

You are immune to sickness and miasma.
Your stone body is resilient. (AC +13)
You are immune to poison.
Your large and strong wings let you fly.
You resist negative energy. (rN+)
You are resistant to electric shocks. (rElec)
You are resistant to unholy torment.
You are immune to petrification.
You are partially covered in iridescent scales. (AC +2)
You expend magic power (3 MP) to strengthen your wands.


   Skills:
 + Level 18.0(23.0) Fighting
 - Level 22.0(27) Ranged Weapons
 - Level 10.0(15.0) Armour
 - Level 12.0(17.0) Dodging
 - Level 1.1(6.1) Stealth
 - Level 10.0 Invocations


You had 17 spell levels left.
You didn't know any spells.
Your spell library was empty.

Inventory:

Hand Weapons
 Y - a +6 triple crossbow of chaos (weapon)
Armour
 b - a +0 troll leather armour (worn)
 c - a +2 cloak (worn)
 n - a +2 helmet (worn)
 t - a +0 pair of boots (worn)
 u - the +0 pair of boots "Oxuowygi" {Harm rC- Int+7 SInv}
   (Okawaru gifted it to you on level 12 of the Dungeon)

   Int+7:     It affects your intelligence (+7).
   rC-:       It makes you vulnerable to cold.
   SInv:      It lets you see invisible.
   Harm:      It increases damage dealt and taken.
 v - a +1 pair of gloves (worn)
 x - a +1 leather armour of fire resistance
Jewellery
 a - a ring of fire
 d - an amulet of faith (around neck)
 k - a +6 ring of dexterity (left hand)
 l - an amulet of regeneration
 w - a +4 ring of slaying {mikee}
 y - a ring of see invisible (right hand)
Wands
 o - a wand of digging (4)
Scrolls
 j - 19 scrolls of identify
 s - 7 scrolls of teleportation
Potions
 e - 23 potions of curing
 f - 3 potions of enlightenment
 g - 2 potions of cancellation
 h - 8 potions of mutation
 i - 7 potions of haste
 m - 3 potions of magic
 p - 6 potions of heal wounds
 r - 4 potions of might

Dungeon Overview and Level Annotations

Branches:
Dungeon (15/15)            Temple (0/1) D:6            Lair (5/5) D:8
  Swamp (4/4) Lair:2        Snake (3/4) Lair:2        Slime (0/5) Lair:4
    Orc (2/2) D:11            Elf (0/3) Orc:2        Vaults (1/5) D:13
 Depths (0/4) D:15

Altars:
Ashenzari
Cheibriados
Dithmenos
Elyvilon
Fedhas
Hepliaklqana
Kikubaaqudgha
Makhleb
Nemelex Xobeh
Okawaru
Qazlal
Ru
Trog
Vehumet
Xom
Zin
The Shining One
Jiyva

Shops:
D:1 [   D:6 *   D:7 !:   Orc:2 *!(:   Snake:2 *   Snake:3 (=

Portals:
Hell: Lair:5
Pandemonium: Orc:2

Annotations:
D:11 3 runed translucent doors, qw's ghost, journeyman GrHu
D:13 3 runed translucent doors, Ugikoxufu's ghost, journeyman GrFi
D:15 3 runed translucent doors, Purphixowk's ghost, journeyman DsGl
Lair:4 2 transporters


Message History

24914 ||| INVOKING Finesse.
You can now deal lightning-fast blows.
The ironbound frostheart misses you.
You shoot a bolt.
The bolt closely misses the ironbound frostheart.
The bolt completely misses the ironbound preserver.
The bolt completely misses the deep troll.
The bolt hits the deep troll!!!
You kill the deep troll!
Okawaru accepts your kill.
The ironbound frostheart calls freezing cold from the walls.
The frost grips you!
Your base Armour skill increases to level 10!
You shoot a bolt. The bolt hits the ironbound frostheart!
The ironbound frostheart is poisoned.
The ironbound frostheart is moderately wounded.
You shoot a bolt.
The bolt barely misses the ironbound frostheart.
The bolt hits the ironbound preserver!!!
The ironbound preserver is severely wounded.
The ironbound frostheart touches you. The ironbound frostheart freezes you!!
A deep troll comes into view.
The ironbound preserver casts a spell.
The ironbound preserver is healed somewhat.
You shoot a bolt. The bolt hits the ironbound frostheart!
The bolt burns the ironbound frostheart.
The ironbound frostheart is heavily wounded.
The ice encasing you melts away.
You shoot a bolt.
The bolt hits the ironbound frostheart but does no damage.
The ironbound frostheart looks as sick as possible!
The ironbound frostheart is heavily wounded.
The ironbound frostheart calls freezing cold from the walls.
The frost grips you!
You are encased in ice.
24920 ||| READING 8 scrolls of teleportation.
As you read the scroll of teleportation, it crumbles to dust.
You feel strangely unstable. The ironbound frostheart touches you!
The ironbound frostheart freezes you!!
You die...

#+# .T#
######## #T#
#......# #p#
#......#
##p##......#
#.#@#......#
#..#...\..#
#.#.'......#
##.##......#
#.# #......#
#.# #......#
..# #......#
### #####+##


You could see an ironbound preserver, an ironbound frostheart (extremely
poisoned) and 2 deep trolls.

Vanquished Creatures
  Rupert (D:13)
  A thorn hunter (Swamp:4)
  Frances (Swamp:1)
  Aizul (Snake:1)
  A nagaraja (Snake:2)
  Louise (Snake:1)
  A stone giant (D:15)
  A dire elephant (Lair:5)
  4 bunyips
  6 eleionomae
  Josephine (D:15)
  A shambling mangrove (Swamp:4)
  2 salamander tyrants
  18 hydras
  2 demonspawn (Orc:2)
  2 centaur warriors
  3 catoblepae
  11 alligators
  6 anacondas (Snake:3)
  4 boulder beetles
  5 two-headed ogres
  A death knight (D:15)
  10 death yaks
  7 naga warriors
  11 naga sharpshooters
  9 orc high priests (Orc:2)
  Urug (D:13)
  A fire crab (shapeshifter) (D:15)
  2 sun demons (Orc:2)
  3 shock serpents
  A skyshark (shapeshifter) (Orc:2)
  5 skeletal warriors (D:11)
  5 salamander mystics
  A skyshark (Lair:4)
  A deep troll (shapeshifter) (Snake:3)
  A sixfirhy (Lair:5)
  A death drake (Swamp:4)
  5 goliath frogs
  An orb spider (shapeshifter) (Snake:2)
  8 swamp dragons (Swamp:4)
  3 wizards
  11 bog bodies
  2 spriggan druids
  6 naga ritualists
  A deep troll (Vaults:1)
  8 orc knights
  A lindwurm (Lair:5)
  3 oklob plants
  5 mana vipers
  3 deep elf pyromancers
  A shining eye (Snake:1)
  3 will-o-the-wisps
  4 orc sorcerers
  3 manticores
  8 cyclopes
  13 salamanders
  6 ugly things
  Maurice (D:8)
  A moth of wrath (shapeshifter) (Swamp:4)
  A guardian serpent (Snake:1)
  A rust devil (Orc:2)
  33 black mambas
  7 naga magi
  5 elephants (Lair:2)
  An orange demon (Lair:5)
  A water nymph (shapeshifter) (Lair:3)
  A torpor snail (Lair:3)
  2 water nymphs (Swamp:3)
  A gargoyle (D:10)
  An unseen horror (D:9)
  2 rime drakes
  10 cane toads
  4 kobold demonologists
  11 komodo dragons
  A komodo dragon (shapeshifter) (Snake:2)
  A rime drake (shapeshifter) (D:13)
  A yaktaur (shapeshifter) (D:15)
  3 ice devils
  A freezing wraith (D:13)
  3 red devils (Lair:5)
  7 trolls
  2 bloated husks
  2 hellwings
  7 tyrant leeches
  2 polar bears (Lair:5)
  11 hornets
  16 blink frogs
  2 slime creatures (D:14)
  7 dream sheep (Lair:5)
  A centaur simulacrum (D:15)
  8 wyverns
  48 yaks
  9 spriggans
  16 humans (D:13)
  A human (shapeshifter) (D:15)
  5 basilisks
  A chaos spawn (Orc:2)
  7 wraiths
  13 vampire mosquitoes
  3 wargs (Orc:2)
  Menkaure (D:7)
  16 swamp worms
  5 hell hounds (Lair:5)
  2 acid dragons (D:10)
  21 nagas
  17 water moccasins
  Duvessa (D:7)
  11 swamp drakes
  5 ice beasts
  8 black bears
  10 ogres
  31 orc warriors
  19 wolves
  10 centaurs
  2 phantoms
  20 bullfrogs
  5 gnoll sergeants
  9 kobold brigands
  4 scorpions
  5 wights (D:8)
  Dowan (D:7)
  2 oklob saplings (D:8)
  3 killer bees (D:10)
  5 howler monkeys
  An electric eel (Lair:1)
  2 hounds (D:6)
  A jelly (D:5)
  17 orc priests
  5 orc wizards
  8 iguanas
  34 gnolls
  26 adders
  A white imp (D:6)
  An ufetubus (D:4)
  3 dart slugs
  46 orcs
  6 bats
  7 endoplasms
  7 giant cockroaches
  7 hobgoblins
  6 jackals
  24 kobolds
  6 quokkas
  15 ball pythons
  5 frilled lizards
  10 goblins
  5 rats
945 creatures vanquished.

Vanquished Creatures (others)
  A bloated husk (Swamp:1)
  A hornet (Swamp:1)
  4 foxfires (Swamp:2)
6 creatures vanquished.

Grand Total: 951 creatures vanquished

Notes
Turn   | Place    | Note
-------+----------+-------------------------------------------
     0 | D:1      | qw the Gargoyle Hunter began the quest for the Orb.
     0 | D:1      | Reached XP level 1. HP: 12/12 MP: 1/1
     0 | D:1      | 0 ||| qw: Version: 0.3-a-76-g4403597
     0 | D:1      | 0 ||| qw: Game counter: 649
     0 | D:1      | 0 ||| qw: Melee chars always use a shield: true
     0 | D:1      | 0 ||| qw: God list: Okawaru
     0 | D:1      | 0 ||| qw: Allow faded altars: false
     0 | D:1      | 0 ||| qw: Do Orc after clearing Dungeon:15 true
     0 | D:1      | 0 ||| qw: Do second Lair branch before Depths: true
     0 | D:1      | 0 ||| qw: Lair rune preference: random
     0 | D:1      | 0 ||| qw: Goals: Normal
     0 | D:1      | 0 ||| PLANNING D:1-11
    45 | D:1      | HP: 2/12 [giant cockroach (2)]
   116 | D:1      | Reached XP level 2. HP: 17/17 MP: 2/2
   222 | D:1      | Found Uwunell's Armour Boutique.
   228 | D:1      | 228 ||| SHOPLISTING +0 cloak (49 gold, have 13).
   228 | D:1      | 228 ||| SHOPLISTING +0 pair of boots of the Decaying God
                  | {rF+} (203 gold, have 13).
   228 | D:1      | 228 ||| SHOPLISTING +0 pair of gloves (49 gold, have 13).
   228 | D:1      | 228 ||| SHOPLISTING +0 ring mail (44 gold, have 13).
   228 | D:1      | 228 ||| SHOPLISTING +1 robe of fire resistance (139 gold,
                  | have 13).
   228 | D:1      | 228 ||| SHOPLISTING +2 robe of cold resistance (194 gold,
                  | have 13).
   284 | D:1      | Reached XP level 3. HP: 21/21 MP: 3/3
   389 | D:1      | Reached skill level 5 in Ranged Weapons
   864 | D:1      | 864 ||| UPGRADING to amulet of faith.
   869 | D:1      | 869 ||| DROPPING +6 ring of intelligence.
   870 | D:1      | 870 ||| READING 3 scrolls labelled JUOSEY GAAG.
   871 | D:1      | 871 ||| DROPPING 2 scrolls of noise.
   872 | D:1      | 872 ||| DROPPING scroll of butterflies.
   969 | D:2      | Reached skill level 3 in Fighting
  1032 | D:2      | Reached XP level 4. HP: 28/28 MP: 4/4
  1469 | D:2      | Reached XP level 5. HP: 32/32 MP: 5/5
  1542 | D:2      | 1542 ||| UPGRADING to +0 ring mail.
  1552 | D:2      | 1552 ||| DROPPING +0 leather armour.
  1553 | D:2      | 1553 ||| READING scroll labelled OLOLUN HAYXENT.
  1554 | D:2      | 1554 ||| DRINKING 3 golden potions.
  1707 | D:3      | Reached skill level 1 in Armour
  1754 | D:3      | Reached skill level 6 in Ranged Weapons
  1991 | D:3      | Found a faded altar of an unknown god.
  2165 | D:3      | Found a glowing silver altar of Zin.
  2286 | D:3      | 2286 ||| UPGRADING to +6 ring of dexterity.
  2287 | D:3      | 2287 ||| READING scroll labelled BIAGITHRUER.
  2288 | D:3      | 2288 ||| READING scroll labelled TIHIUD MEVVE.
  2289 | D:3      | 2289 ||| READING scroll labelled GURISSEC RAFOI.
  2290 | D:3      | 2290 ||| DRINKING 2 emerald potions.
  2318 | D:4      | Reached XP level 6. HP: 38/38 MP: 6/6
  2411 | D:4      | 2411 ||| STAIRDANCE
  2412 | D:3      | Found a sacrificial altar of Ru.
  2751 | D:4      | Found a sparkling altar of Nemelex Xobeh.
  2910 | D:4      | 2910 ||| READING scroll labelled IFUMEWN TAOKK.
  2915 | D:4      | 2915 ||| READING scroll labelled YNUKHLU FAAPS.
  2916 | D:4      | 2916 ||| DRINKING 2 red potions.
  2916 | D:4      | Gained mutation: You are partially covered in iridescent
                  | scales. (AC +2) [potion of mutation]
  2916 | D:4      | Gained mutation: You expend magic power (3 MP) to
                  | strengthen your wands. [potion of mutation]
  2920 | D:5      | Entered Level 5 of the Dungeon
  2969 | D:5      | 2969 ||| Stepping ~*~*~tactically~*~*~ (outnumbered).
  3006 | D:5      | Reached skill level 7 in Ranged Weapons
  3042 | D:5      | Noticed an ice beast
  3049 | D:5      | Killed an ice beast
  3050 | D:5      | Reached XP level 7. HP: 34/43 MP: 7/7
  3090 | D:5      | 3090 ||| Stepping ~*~*~tactically~*~*~ (outnumbered).
  3092 | D:5      | 3092 ||| Stepping ~*~*~tactically~*~*~ (outnumbered).
  3103 | D:5      | 3103 ||| Stepping ~*~*~tactically~*~*~ (outnumbered).
  3105 | D:5      | 3105 ||| Stepping ~*~*~tactically~*~*~ (outnumbered).
  3288 | D:5      | 3288 ||| FLEEEEING.
  3299 | D:5      | 3299 ||| FLEEEEING.
  3300 | D:5      | 3300 ||| FLEEEEING.
  3306 | D:5      | 3306 ||| FLEEEEING.
  3307 | D:5      | 3307 ||| FLEEEEING.
  3308 | D:5      | 3308 ||| FLEEEEING.
  3310 | D:5      | 3310 ||| FLEEEEING.
  3311 | D:5      | 3311 ||| FLEEEEING.
  3316 | D:5      | 3316 ||| FLEEEEING.
  3317 | D:5      | 3317 ||| FLEEEEING.
  3318 | D:5      | 3318 ||| FLEEEEING.
  3321 | D:5      | 3321 ||| FLEEEEING.
  3322 | D:5      | 3322 ||| FLEEEEING.
  3323 | D:5      | 3323 ||| FLEEEEING.
  3324 | D:5      | 3324 ||| FLEEEEING.
  3325 | D:5      | 3325 ||| FLEEEEING.
  3326 | D:5      | 3326 ||| FLEEEEING.
  3327 | D:5      | 3327 ||| FLEEEEING.
  3328 | D:5      | 3328 ||| FLEEEEING.
  3329 | D:5      | 3329 ||| FLEEEEING.
  3343 | D:5      | 3343 ||| FLEEEEING.
  3344 | D:5      | 3344 ||| FLEEEEING.
  3345 | D:5      | 3345 ||| FLEEEEING.
  3346 | D:5      | 3346 ||| FLEEEEING.
  3352 | D:5      | 3352 ||| FLEEEEING.
  3353 | D:5      | 3353 ||| FLEEEEING.
  3354 | D:5      | 3354 ||| FLEEEEING.
  3355 | D:5      | 3355 ||| FLEEEEING.
  3356 | D:5      | 3356 ||| FLEEEEING.
  3357 | D:5      | 3357 ||| FLEEEEING.
  3361 | D:5      | 3361 ||| FLEEEEING.
  3362 | D:5      | 3362 ||| STAIRDANCE
  3379 | D:4      | 3379 ||| READING scroll labelled UDYEPT CINUA.
  3380 | D:4      | 3380 ||| READING scroll labelled HAEPSU IMAO.
  3381 | D:4      | 3381 ||| DRINKING 2 fizzy black potions.
  3382 | D:4      | 3382 ||| READING 2 scrolls of identify.
  3382 | D:4      | 3382 ||| IDENTIFYING inky potion
  3383 | D:4      | 3383 ||| DROPPING potion of magic.
  3526 | D:5      | Reached skill level 8 in Ranged Weapons
  3653 | D:5      | 3653 ||| Stepping ~*~*~tactically~*~*~ (outnumbered).
  3670 | D:5      | Reached XP level 8. HP: 47/49 MP: 8/8
  4042 | D:5      | 4042 ||| SWAPPING to +0 orcbow.
  4046 | D:5      | 4046 ||| DROPPING +1 shortbow.
  4056 | D:5      | 4056 ||| READING scroll labelled ZYUP BOUMUDI.
  4057 | D:5      | 4057 ||| DRINKING 2 fizzy amethyst potions.
  4130 | D:6      | Reached skill level 9 in Ranged Weapons
  4156 | D:6      | Reached skill level 6 in Fighting
  4322 | D:6      | Found a snail-covered altar of Cheibriados.
  4340 | D:6      | Found an iron altar of Okawaru.
  4341 | D:6      | 4341 ||| PLANNING OKAWARU WORSHIP
  4341 | D:6      | 4341 ||| READING scroll labelled XIEXKUURUE.
  4341 | D:6      | Identified a scroll of acquirement
  4341 | D:6      | 4341 ||| ACQUIRING +2 triple crossbow of draining
  4341 | D:6      | Acquired a +2 triple crossbow of draining
  4343 | D:6      | 4343 ||| SWAPPING to +2 triple crossbow of draining.
  4344 | D:6      | 4344 ||| DROPPING +0 orcbow.
  4347 | D:6      | Became a worshipper of Warmaster Okawaru
  4348 | D:6      | 4348 ||| PLANNING D:1-11
  4376 | D:6      | Reached skill level 10 in Ranged Weapons
  4376 | D:6      | Reached XP level 9. HP: 55/55 MP: 9/9
  4485 | D:6      | Found a shadowy altar of Dithmenos.
  4486 | D:6      | Found a radiant altar of Vehumet.
  4632 | D:6      | Found a staircase to the Ecumenical Temple.
  4640 | D:6      | Reached * piety under Okawaru
  4641 | D:6      | Reached skill level 3 in Dodging
  4800 | D:6      | 4800 ||| INVOKING Heroism.
  4801 | D:6      | 4801 ||| INVOKING Heroism.
  4817 | D:6      | 4817 ||| FLEEEEING.
  5011 | D:6      | Found Miazul's Merry Market.
  5019 | D:6      | 5019 ||| BUYING potion of mutation (112 gold).
  5019 | D:6      | Bought a potion of mutation for 112 gold pieces
  5097 | D:6      | Reached skill level 1 in Invocations
  5118 | D:6      | 5118 ||| READING 2 scrolls of identify.
  5118 | D:6      | 5118 ||| IDENTIFYING fizzy brown potion
  5119 | D:6      | 5119 ||| DROPPING potion of lignification.
  5169 | D:7      | 5169 ||| STAIRDANCE
  5169 | D:7      | Noticed Duvessa
  5178 | D:7      | 5178 ||| STAIRDANCE
  5182 | D:7      | 5182 ||| INVOKING Heroism.
  5183 | D:7      | Killed Duvessa
  5183 | D:7      | Noticed Dowan
  5184 | D:7      | 5184 ||| STAIRDANCE
  5203 | D:7      | 5203 ||| INVOKING Heroism.
  5210 | D:7      | Killed Dowan
  5260 | D:7      | 5260 ||| INVOKING Heroism.
  5287 | D:7      | 5287 ||| READING 3 scrolls of identify.
  5287 | D:7      | 5287 ||| IDENTIFYING fuming puce potion
  5288 | D:7      | 5288 ||| READING 2 scrolls of identify.
  5288 | D:7      | 5288 ||| IDENTIFYING smoky amethyst potion
  5289 | D:7      | 5289 ||| DROPPING potion of invisibility.
  5313 | D:7      | Reached skill level 3 in Invocations
  5327 | D:7      | 5327 ||| Stepping ~*~*~tactically~*~*~ (outnumbered).
  5330 | D:7      | 5330 ||| Stepping ~*~*~tactically~*~*~ (outnumbered).
  5331 | D:7      | 5331 ||| Stepping ~*~*~tactically~*~*~ (outnumbered).
  5344 | D:7      | 5344 ||| INVOKING Heroism.
  5345 | D:7      | 5345 ||| Stepping ~*~*~tactically~*~*~ (outnumbered).
  5346 | D:7      | 5346 ||| Stepping ~*~*~tactically~*~*~ (outnumbered).
  5347 | D:7      | 5347 ||| Stepping ~*~*~tactically~*~*~ (outnumbered).
  5348 | D:7      | 5348 ||| Stepping ~*~*~tactically~*~*~ (outnumbered).
  5353 | D:7      | 5353 ||| Stepping ~*~*~tactically~*~*~ (outnumbered).
  5413 | D:7      | Found Vuepiuc's Tiny Tomes.
  5488 | D:7      | 5488 ||| READING scroll of enchant weapon.
  5488 | D:7      | 5488 ||| ENCHANTING +2 triple crossbow of draining.
  5492 | D:7      | Found Ucosuido's Distillery.
  5501 | D:7      | 5501 ||| BUYING 2 potions of magic (192 gold).
  5501 | D:7      | Bought 2 potions of magic for 192 gold pieces
  5501 | D:7      | 5501 ||| SHOPLISTING 2 potions of might (96 gold, have 3).
  5501 | D:7      | 5501 ||| SHOPLISTING potion of haste (120 gold, have 3).
  5501 | D:7      | 5501 ||| SHOPLISTING potion of heal wounds (60 gold, have
                  | 3).
  5512 | D:7      | Noticed Menkaure
  5513 | D:7      | 5513 ||| INVOKING Heroism.
  5516 | D:7      | Killed Menkaure
  5575 | D:7      | 5575 ||| READING scroll labelled VIOMYA IBLI.
  5584 | D:6      | Found a broken altar of Ashenzari.
  5584 | D:6      | Found a bloodstained altar of Trog.
  5653 | D:7      | Reached skill level 11 in Ranged Weapons
  5696 | D:7      | 5696 ||| INVOKING Heroism.
  5726 | D:7      | 5726 ||| INVOKING Heroism.
  5728 | D:7      | Reached XP level 10. HP: 64/64 MP: 10/13
  5745 | D:7      | 5745 ||| INVOKING Heroism.
  5982 | D:7      | 5982 ||| DROPPING amulet of magic regeneration.
  6002 | D:8      | 6002 ||| STAIRDANCE
  6012 | D:8      | 6012 ||| STAIRDANCE
  6026 | D:8      | 6026 ||| STAIRDANCE
  6095 | D:8      | Found a blossoming altar of Fedhas.
  6106 | D:8      | Noticed an oklob plant
  6107 | D:8      | 6107 ||| INVOKING Heroism.
  6117 | D:8      | 6117 ||| INVOKING Heroism.
  6125 | D:8      | Killed an oklob plant
  6125 | D:8      | Reached ** piety under Okawaru
  6232 | D:8      | 6232 ||| FLEEEEING.
  6233 | D:8      | 6233 ||| FLEEEEING.
  6246 | D:8      | 6246 ||| RETREATING.
  6255 | D:8      | 6255 ||| INVOKING Heroism.
  6260 | D:8      | Reached skill level 12 in Ranged Weapons
  6261 | D:8      | Reached skill level 3 in Armour
  6272 | D:8      | 6272 ||| FLEEEEING.
  6273 | D:8      | 6273 ||| FLEEEEING.
  6274 | D:8      | 6274 ||| FLEEEEING.
  6279 | D:8      | 6279 ||| STAIRDANCE
  6416 | D:8      | 6416 ||| INVOKING Heroism.
  6417 | D:8      | 6417 ||| READING 2 scrolls of identify.
  6417 | D:8      | 6417 ||| IDENTIFYING bubbling green potion
  6418 | D:8      | 6418 ||| DROPPING potion of brilliance.
  6449 | D:8      | Identified the +8 sling of the Damp God {elec, *Corrode
                  | rPois Dex+3}
  6481 | D:8      | 6481 ||| INVOKING Heroism.
  6589 | D:8      | 6589 ||| INVOKING Heroism.
  6612 | D:8      | Reached skill level 13 in Ranged Weapons
  6615 | D:8      | Noticed a two-headed ogre
  6616 | D:8      | 6616 ||| INVOKING Heroism.
  6617 | D:8      | Killed a two-headed ogre
  6618 | D:8      | Reached skill level 9 in Fighting
  6631 | D:8      | Reached *** piety under Okawaru
  6632 | D:8      | Reached XP level 11. HP: 71/71 MP: 14/14
  6660 | D:8      | Noticed Maurice
  6671 | D:8      | Killed Maurice
  6782 | D:8      | 6782 ||| INVOKING Heroism.
  6818 | D:8      | Found a staircase to the Lair.
  6927 | D:8      | 6927 ||| Stepping ~*~*~tactically~*~*~ (outnumbered).
  6930 | D:8      | 6930 ||| Stepping ~*~*~tactically~*~*~ (outnumbered).
  6932 | D:8      | 6932 ||| Stepping ~*~*~tactically~*~*~ (outnumbered).
  6934 | D:8      | 6934 ||| Stepping ~*~*~tactically~*~*~ (outnumbered).
  7130 | D:8      | 7130 ||| PLANNING LAIR
  7130 | D:8      | 7130 ||| UPGRADING to +2 cloak.
  7135 | D:8      | 7135 ||| UPGRADING to +0 helmet.
  7140 | D:8      | 7140 ||| READING 2 scrolls of identify.
  7140 | D:8      | 7140 ||| IDENTIFYING black potion
  7141 | D:8      | 7141 ||| DROPPING potion of degeneration.
  7217 | Lair:1   | Entered Level 1 of the Lair of Beasts
  7220 | Lair:1   | 7220 ||| STAIRDANCE
  7227 | Lair:1   | 7227 ||| STAIRDANCE
  7242 | Lair:1   | 7242 ||| STAIRDANCE
  7255 | Lair:1   | 7255 ||| RETREATING.
  7263 | Lair:1   | Reached **** piety under Okawaru
  7285 | Lair:1   | 7285 ||| FLEEEEING.
  7287 | Lair:1   | 7287 ||| STAIRDANCE
  7353 | Lair:1   | Noticed a catoblepas
  7354 | Lair:1   | 7354 ||| Stepping ~*~*~tactically~*~*~ (outnumbered).
  7355 | Lair:1   | 7355 ||| INVOKING Heroism.
  7359 | Lair:1   | 7359 ||| RETREATING.
  7371 | Lair:1   | 7371 ||| INVOKING Heroism.
  7373 | Lair:1   | Killed a catoblepas
  7374 | Lair:1   | Reached skill level 14 in Ranged Weapons
  7379 | Lair:1   | 7379 ||| INVOKING Heroism.
  7429 | Lair:1   | 7429 ||| INVOKING Heroism.
  7598 | Lair:1   | 7598 ||| RETREATING.
  7604 | Lair:1   | 7604 ||| INVOKING Heroism.
  7607 | Lair:1   | Reached skill level 6 in Invocations
  8184 | Lair:1   | 8184 ||| READING scroll labelled ZYTIAL ZAOTESH.
  8185 | Lair:1   | 8185 ||| READING scroll labelled EBBUSK REQAEGEXUSA.
  8190 | Lair:1   | 8190 ||| INVOKING Heroism.
  8305 | Lair:2   | 8305 ||| INVOKING Heroism.
  8383 | Lair:2   | 8383 ||| INVOKING Heroism.
  8399 | Lair:2   | Found a staircase to the Swamp.
  8402 | Lair:2   | Reached XP level 12. HP: 77/77 MP: 17/17
  8408 | Lair:2   | Noticed a death yak
  8408 | Lair:2   | Noticed a death yak
  8409 | Lair:2   | 8409 ||| RETREATING.
  8409 | Lair:2   | Noticed a death yak
  8413 | Lair:2   | Killed a death yak
  8413 | Lair:2   | Reached ***** piety under Okawaru
  8414 | Lair:2   | 8414 ||| INVOKING Finesse.
  8415 | Lair:2   | 8415 ||| INVOKING Heroism.
  8417 | Lair:2   | Killed a death yak
  8426 | Lair:2   | Killed a death yak
  8491 | Lair:2   | 8491 ||| INVOKING Heroism.
  8499 | Lair:2   | Noticed a death yak
  8499 | Lair:2   | Noticed a death yak
  8500 | Lair:2   | 8500 ||| Stepping ~*~*~tactically~*~*~ (retreating).
  8501 | Lair:2   | 8501 ||| Stepping ~*~*~tactically~*~*~ (retreating).
  8502 | Lair:2   | 8502 ||| RETREATING.
  8510 | Lair:2   | 8510 ||| Stepping ~*~*~tactically~*~*~ (retreating).
  8510 | Lair:2   | Noticed a death yak
  8510 | Lair:2   | Noticed a death yak
  8511 | Lair:2   | 8511 ||| Stepping ~*~*~tactically~*~*~ (retreating).
  8512 | Lair:2   | 8512 ||| Stepping ~*~*~tactically~*~*~ (retreating).
  8513 | Lair:2   | 8513 ||| Stepping ~*~*~tactically~*~*~ (retreating).
  8518 | Lair:2   | 8518 ||| INVOKING Heroism.
  8520 | Lair:2   | Noticed a death yak
  8521 | Lair:2   | Noticed a death yak
  8522 | Lair:2   | Killed a death yak
  8524 | Lair:2   | Killed a death yak
  8525 | Lair:2   | 8525 ||| Stepping ~*~*~tactically~*~*~ (retreating).
  8526 | Lair:2   | 8526 ||| Stepping ~*~*~tactically~*~*~ (retreating).
  8527 | Lair:2   | 8527 ||| Stepping ~*~*~tactically~*~*~ (retreating).
  8528 | Lair:2   | 8528 ||| Stepping ~*~*~tactically~*~*~ (retreating).
  8529 | Lair:2   | 8529 ||| Stepping ~*~*~tactically~*~*~ (retreating).
  8530 | Lair:2   | 8530 ||| Stepping ~*~*~tactically~*~*~ (retreating).
  8531 | Lair:2   | 8531 ||| RETREATING.
  8532 | Lair:2   | 8532 ||| INVOKING Finesse.
  8536 | Lair:2   | Killed a death yak
  8537 | Lair:2   | Reached skill level 9 in Invocations
  8542 | Lair:2   | Killed a death yak
  8542 | Lair:2   | Received a gift from Okawaru
  8545 | Lair:2   | Killed a death yak
  8546 | Lair:2   | Reached skill level 15 in Ranged Weapons
  8552 | Lair:2   | Killed a death yak
  8554 | Lair:2   | Noticed a five-headed hydra
  8557 | Lair:2   | Killed a five-headed hydra
  8696 | Lair:2   | 8696 ||| INVOKING Heroism.
  8697 | Lair:2   | Identified the +3 dire flail of Impermanence {freeze,
                  | Str+3} (Okawaru gifted it to you on level 2 of the Lair of
                  | Beasts)
  8697 | Lair:2   | Received a gift from Okawaru
  8721 | Lair:2   | 8721 ||| RETREATING.
  8731 | Lair:2   | 8731 ||| INVOKING Heroism.
  8757 | Lair:2   | Reached XP level 13. HP: 67/82 MP: 20/20
  8825 | Lair:2   | 8825 ||| INVOKING Heroism.
  8828 | Lair:2   | Reached skill level 16 in Ranged Weapons
  8881 | Lair:2   | 8881 ||| RETREATING.
  8882 | Lair:2   | 8882 ||| INVOKING Heroism.
  8884 | Lair:2   | Received a gift from Okawaru
  8904 | Lair:2   | Reached skill level 6 in Dodging
  8973 | Lair:2   | 8973 ||| DROPPING +3 longbow of freezing.
  9011 | Lair:2   | 9011 ||| INVOKING Heroism.
  9012 | Lair:2   | 9012 ||| INVOKING Finesse.
  9234 | Lair:2   | Found a staircase to the Snake Pit.
  9582 | Lair:3   | 9582 ||| INVOKING Heroism.
  9642 | Lair:3   | Identified the +0 leather armour of the Ward {rCorr Str+5
                  | Int+4}
  9764 | Lair:3   | 9764 ||| READING scroll of enchant armour.
  9764 | Lair:3   | 9764 ||| ENCHANTING +0 helmet.
  9946 | Lair:3   | 9946 ||| RETREATING.
  9952 | Lair:3   | 9952 ||| Stepping ~*~*~tactically~*~*~ (retreating).
  9953 | Lair:3   | 9953 ||| Stepping ~*~*~tactically~*~*~ (retreating).
  9956 | Lair:3   | 9956 ||| Stepping ~*~*~tactically~*~*~ (retreating).
 10142 | Lair:3   | 10142 ||| INVOKING Heroism.
 10148 | Lair:3   | 10148 ||| INVOKING Finesse.
 10249 | Lair:3   | 10249 ||| UPGRADING to +0 leather armour of the Ward {rCorr
                  | Str+5 Int+4}.
 10259 | Lair:3   | 10259 ||| DROPPING +0 ring mail.
 10260 | Lair:3   | 10260 ||| UPGRADING to ring of protection from cold.
 10261 | Lair:3   | 10261 ||| READING 2 scrolls of identify.
 10261 | Lair:3   | 10261 ||| IDENTIFYING puce potion
 10342 | Lair:4   | Found a staircase to the Slime Pits.
 10343 | Lair:4   | Found a viscous altar of Jiyva.
 10344 | Lair:4   | Found a radiant altar of Vehumet.
 10393 | Lair:4   | Found the +4 consecrated labrys {holy, Valiant Fragile Fly
                  | SInv}
 10433 | Lair:4   | 10433 ||| READING scroll labelled LOIMIU JUJUOST.
 10619 | Lair:4   | 10619 ||| INVOKING Heroism.
 10722 | Lair:4   | 10722 ||| RETREATING.
 10980 | Lair:4   | 10980 ||| INVOKING Heroism.
 11001 | Lair:4   | Found a transporter.
 11003 | Lair:4   | Found a transporter.
 11201 | Lair:4   | 11201 ||| DROPPING scarf of shadows.
 11202 | Lair:4   | 11202 ||| DROPPING ring of flight.
 11216 | Lair:5   | Entered Level 5 of the Lair of Beasts
 11227 | Lair:5   | 11227 ||| INVOKING Heroism.
 11232 | Lair:5   | Reached skill level 17 in Ranged Weapons
 11299 | Lair:5   | 11299 ||| INVOKING Heroism.
 11303 | Lair:5   | Identified the +5 shortbow "Beuqov" {flame, rC+} (Okawaru
                  | gifted it to you on level 5 of the Lair of Beasts)
 11303 | Lair:5   | Received a gift from Okawaru
 11312 | Lair:5   | 11312 ||| RETREATING.
 11321 | Lair:5   | 11321 ||| RETREATING.
 11338 | Lair:5   | 11338 ||| INVOKING Heroism.
 11339 | Lair:5   | 11339 ||| INVOKING Finesse.
 11383 | Lair:5   | 11383 ||| INVOKING Heroism.
 11494 | Lair:5   | 11494 ||| INVOKING Heroism.
 11499 | Lair:5   | Gained mutation: Your large and strong wings let you fly.
                  | [Gargoyle growth]
 11499 | Lair:5   | Reached XP level 14. HP: 90/90 MP: 18/21
 11565 | Lair:5   | 11565 ||| Stepping ~*~*~tactically~*~*~ (retreating).
 11566 | Lair:5   | 11566 ||| Stepping ~*~*~tactically~*~*~ (retreating).
 11567 | Lair:5   | 11567 ||| RETREATING.
 11573 | Lair:5   | 11573 ||| Stepping ~*~*~tactically~*~*~ (retreating).
 11582 | Lair:5   | 11582 ||| INVOKING Heroism.
 11755 | Lair:5   | Reached skill level 18 in Ranged Weapons
 11903 | Lair:5   | 11903 ||| Stepping ~*~*~tactically~*~*~ (retreating).
 11904 | Lair:5   | 11904 ||| Stepping ~*~*~tactically~*~*~ (retreating).
 11930 | Lair:5   | Identified the +7 orcbow of True Grit {flame, rF+ Str+4}
                  | (Okawaru gifted it to you on level 5 of the Lair of Beasts)
 11930 | Lair:5   | Received a gift from Okawaru
 12050 | Lair:5   | 12050 ||| INVOKING Heroism.
 12187 | Lair:5   | Reached skill level 12 in Fighting
 12189 | Lair:5   | Noticed a dire elephant
 12194 | Lair:5   | 12194 ||| INVOKING Heroism.
 12198 | Lair:5   | Killed a dire elephant
 12247 | Lair:5   | Found a burning altar of Makhleb.
 12250 | Lair:5   | 12250 ||| Stepping ~*~*~tactically~*~*~ (retreating).
 12252 | Lair:5   | 12252 ||| Stepping ~*~*~tactically~*~*~ (retreating).
 12253 | Lair:5   | 12253 ||| Stepping ~*~*~tactically~*~*~ (retreating).
 12254 | Lair:5   | 12254 ||| Stepping ~*~*~tactically~*~*~ (retreating).
 12255 | Lair:5   | 12255 ||| INVOKING Heroism.
 12256 | Lair:5   | 12256 ||| Stepping ~*~*~tactically~*~*~ (retreating).
 12257 | Lair:5   | 12257 ||| RETREATING.
 12259 | Lair:5   | 12259 ||| Stepping ~*~*~tactically~*~*~ (retreating).
 12260 | Lair:5   | 12260 ||| Stepping ~*~*~tactically~*~*~ (retreating).
 12261 | Lair:5   | 12261 ||| INVOKING Finesse.
 12354 | Lair:5   | Found a gateway to Hell.
 12354 | Lair:5   | Found the +3 greatsling "Punk" {acid, rCorr}
 12621 | Lair:5   | 12621 ||| PLANNING D:1-11
 12621 | Lair:5   | 12621 ||| READING scroll labelled YLINUM USHEFIH.
 12676 | Lair:5   | 12676 ||| READING 4 scrolls of identify.
 12676 | Lair:5   | 12676 ||| IDENTIFYING coppery potion
 12677 | Lair:5   | 12677 ||| DROPPING potion of attraction.
 12911 | D:9      | 12911 ||| INVOKING Heroism.
 12912 | D:9      | 12912 ||| INVOKING Finesse.
 13075 | D:9      | 13075 ||| INVOKING Heroism.
 13295 | D:9      | Found a shimmering altar of Xom.
 13296 | D:9      | 13296 ||| RETREATING.
 13311 | D:9      | 13311 ||| Stepping ~*~*~tactically~*~*~ (retreating).
 13345 | D:9      | Found a stormy altar of Qazlal.
 13345 | D:9      | Found a hazy altar of Hepliaklqana.
 13347 | D:9      | Found a white marble altar of Elyvilon.
 13347 | D:9      | Found a radiant altar of Vehumet.
 13347 | D:9      | Found a shadowy altar of Dithmenos.
 13420 | D:9      | Received a gift from Okawaru
 13469 | D:9      | 13469 ||| UPGRADING to +0 troll leather armour.
 13479 | D:9      | 13479 ||| DROPPING +0 leather armour of the Ward {rCorr
                  | Str+5 Int+4}.
 13482 | D:10     | Entered Level 10 of the Dungeon
 13548 | D:10     | You are sucked into a shaft and drop 3 floors!
 13566 | D:13     | Found a runed translucent gate.
 13567 | D:13     | Noticed Ugikoxufu's ghost (journeyman GrFi)
 13567 | D:13     | Found a runed translucent gate.
 13568 | D:13     | Found a runed translucent gate.
 13570 | D:13     | Identified the +7 plate armour "Benus" {Fly rF+ Dex-4}
 13609 | D:13     | Noticed Rupert
 13610 | D:13     | 13610 ||| INVOKING Heroism.
 13611 | D:13     | 13611 ||| INVOKING Finesse.
 13625 | D:13     | Killed Rupert
 13635 | D:13     | Noticed Urug
 13636 | D:13     | 13636 ||| Stepping ~*~*~tactically~*~*~ (outnumbered).
 13637 | D:13     | 13637 ||| RETREATING.
 13668 | D:13     | 13668 ||| Stepping ~*~*~tactically~*~*~ (retreating).
 13669 | D:13     | 13669 ||| INVOKING Heroism.
 13670 | D:13     | 13670 ||| INVOKING Finesse.
 13680 | D:13     | Killed Urug
 13681 | D:13     | Reached skill level 19 in Ranged Weapons
 13728 | D:13     | 13728 ||| UPGRADING to +0 pair of boots.
 13733 | D:13     | Found a gate to the Vaults.
 13755 | D:12     | Received a gift from Okawaru
 13757 | D:12     | 13757 ||| DROPPING +2 longbow of flaming.
 14058 | D:10     | Found an ancient bone altar of Kikubaaqudgha.
 14549 | D:11     | 14549 ||| RETREATING.
 14552 | D:11     | 14552 ||| INVOKING Heroism.
 14553 | D:11     | 14553 ||| INVOKING Finesse.
 14555 | D:11     | Reached XP level 15. HP: 93/98 MP: 14/22
 14720 | D:11     | 14720 ||| READING scroll of enchant armour.
 14720 | D:11     | 14720 ||| ENCHANTING +1 helmet.
 14892 | D:11     | Found a staircase to the Orcish Mines.
 14902 | D:11     | Found a runed translucent gate.
 14903 | D:11     | Found a runed translucent gate.
 14904 | D:11     | Found a runed translucent gate.
 14905 | D:11     | Noticed qw's ghost (journeyman GrHu)
 14926 | D:11     | 14926 ||| INVOKING Heroism.
 14934 | D:11     | 14934 ||| RETREATING.
 14943 | D:11     | Reached skill level 9 in Dodging
 14975 | D:11     | 14975 ||| PLANNING D
 15055 | D:12     | Identified the +0 pair of boots "Oxuowygi" {Harm rC- Int+7
                  | SInv} (Okawaru gifted it to you on level 12 of the Dungeon)
 15055 | D:12     | Received a gift from Okawaru
 15617 | D:13     | 15617 ||| RETREATING.
 15929 | D:13     | Identified the +10 dagger of the Wraith {holy, rC+ Will+
                  | Str+2}
 15986 | D:14     | Found a glowing golden altar of the Shining One.
 16130 | D:14     | 16130 ||| Stepping ~*~*~tactically~*~*~ (outnumbered).
 16132 | D:14     | 16132 ||| Stepping ~*~*~tactically~*~*~ (outnumbered).
 16358 | D:14     | 16358 ||| READING scroll of enchant weapon.
 16358 | D:14     | 16358 ||| ENCHANTING +3 triple crossbow of chaos.
 16804 | D:15     | Entered Level 15 of the Dungeon
 16908 | D:15     | Found a runed translucent gate.
 16908 | D:15     | Found a runed translucent gate.
 16908 | D:15     | Found a runed translucent gate.
 16910 | D:15     | Noticed Purphixowk's ghost (journeyman DsGl)
 16944 | D:15     | Reached skill level 20 in Ranged Weapons
 17130 | D:15     | Found a staircase to the Depths.
 17131 | D:15     | 17131 ||| INVOKING Heroism.
 17297 | D:15     | Reached skill level 6 in Armour
 17326 | D:15     | 17326 ||| INVOKING Heroism.
 17329 | D:15     | HP: 22/98 [fire crab (shapeshifter)] (21)]
 17330 | D:15     | 17330 ||| READING 5 scrolls of teleportation.
 17331 | D:15     | 17331 ||| DRINKING 7 potions of heal wounds.
 17332 | D:15     | 17332 ||| Stepping ~*~*~tactically~*~*~ (cloud).
 17459 | D:15     | Reached ****** piety under Okawaru
 17460 | D:15     | Noticed Josephine
 17464 | D:15     | Killed Josephine
 17464 | D:15     | Identified the +7 chain mail of Amorality {Harm rC- Str+2
                  | Dex+2} (Okawaru gifted it to you on level 15 of the
                  | Dungeon)
 17464 | D:15     | Received a gift from Okawaru
 17591 | D:15     | 17591 ||| READING scroll of enchant weapon.
 17591 | D:15     | 17591 ||| ENCHANTING +4 triple crossbow of chaos.
 17653 | D:15     | 17653 ||| PLANNING ORC
 17653 | D:15     | 17653 ||| UPGRADING to +0 pair of gloves.
 17761 | Orc:1    | Entered Level 1 of the Orcish Mines
 17778 | Orc:1    | 17778 ||| INVOKING Heroism.
 17826 | Orc:1    | 17826 ||| Stepping ~*~*~tactically~*~*~ (outnumbered).
 17828 | Orc:1    | 17828 ||| Stepping ~*~*~tactically~*~*~ (outnumbered).
 17830 | Orc:1    | 17830 ||| Stepping ~*~*~tactically~*~*~ (outnumbered).
 17937 | Orc:1    | 17937 ||| INVOKING Heroism.
 18047 | Orc:1    | 18047 ||| INVOKING Heroism.
 18147 | Orc:1    | Found a frozen archway.
 18186 | Orc:2    | Entered Level 2 of the Orcish Mines
 18251 | Orc:2    | Found a staircase to the Elven Halls.
 18275 | Orc:2    | 18275 ||| Stepping ~*~*~tactically~*~*~ (outnumbered).
 18304 | Orc:2    | 18304 ||| INVOKING Heroism.
 18332 | Orc:2    | Found Odim Rar's Distillery.
 18343 | Orc:2    | Found Vuhaleogru's General Store.
 18359 | Orc:2    | 18359 ||| BUYING 2 potions of curing (96 gold).
 18359 | Orc:2    | Bought 2 potions of curing for 96 gold pieces
 18359 | Orc:2    | 18359 ||| BUYING potion of curing (48 gold).
 18359 | Orc:2    | Bought a potion of curing for 48 gold pieces
 18359 | Orc:2    | 18359 ||| BUYING potion of curing (48 gold).
 18359 | Orc:2    | Bought a potion of curing for 48 gold pieces
 18359 | Orc:2    | 18359 ||| BUYING potion of enlightenment (80 gold).
 18359 | Orc:2    | Bought a potion of enlightenment for 80 gold pieces
 18359 | Orc:2    | 18359 ||| BUYING potion of mutation (128 gold).
 18359 | Orc:2    | Bought a potion of mutation for 128 gold pieces
 18361 | Orc:2    | 18361 ||| BUYING potion of haste (150 gold).
 18361 | Orc:2    | Bought a potion of haste for 150 gold pieces
 18361 | Orc:2    | 18361 ||| BUYING scroll of identify (30 gold).
 18361 | Orc:2    | Bought a scroll of identify for 30 gold pieces
 18374 | Orc:2    | 18374 ||| INVOKING Heroism.
 18381 | Orc:2    | 18381 ||| Stepping ~*~*~tactically~*~*~ (outnumbered).
 18384 | Orc:2    | 18384 ||| Stepping ~*~*~tactically~*~*~ (outnumbered).
 18409 | Orc:2    | 18409 ||| FLEEEEING.
 18410 | Orc:2    | 18410 ||| FLEEEEING.
 18426 | Orc:2    | 18426 ||| INVOKING Heroism.
 18427 | Orc:2    | 18427 ||| INVOKING Finesse.
 18457 | Orc:2    | 18457 ||| INVOKING Heroism.
 18483 | Orc:2    | 18483 ||| RETREATING.
 18484 | Orc:2    | 18484 ||| Stepping ~*~*~tactically~*~*~ (outnumbered).
 18492 | Orc:2    | 18492 ||| Stepping ~*~*~tactically~*~*~ (outnumbered).
 18511 | Orc:2    | 18511 ||| INVOKING Heroism.
 18524 | Orc:2    | Reached XP level 16. HP: 106/106 MP: 23/23
 18525 | Orc:2    | 18525 ||| Stepping ~*~*~tactically~*~*~ (outnumbered).
 18531 | Orc:2    | 18531 ||| Stepping ~*~*~tactically~*~*~ (outnumbered).
 18565 | Orc:2    | 18565 ||| Stepping ~*~*~tactically~*~*~ (retreating).
 18566 | Orc:2    | 18566 ||| Stepping ~*~*~tactically~*~*~ (retreating).
 18567 | Orc:2    | 18567 ||| Stepping ~*~*~tactically~*~*~ (retreating).
 18568 | Orc:2    | 18568 ||| Stepping ~*~*~tactically~*~*~ (retreating).
 18569 | Orc:2    | 18569 ||| INVOKING Finesse.
 18575 | Orc:2    | 18575 ||| Stepping ~*~*~tactically~*~*~ (outnumbered).
 18580 | Orc:2    | 18580 ||| INVOKING Heroism.
 18625 | Orc:2    | 18625 ||| INVOKING Heroism.
 18642 | Orc:2    | Identified the +2 crystal plate armour of Disguise {rPois
                  | rN+++ Str-4 SInv} (Okawaru gifted it to you on level 2 of
                  | the Orcish Mines)
 18642 | Orc:2    | Received a gift from Okawaru
 18657 | Orc:2    | 18657 ||| RETREATING.
 18663 | Orc:2    | 18663 ||| Stepping ~*~*~tactically~*~*~ (retreating).
 18664 | Orc:2    | 18664 ||| Stepping ~*~*~tactically~*~*~ (retreating).
 18665 | Orc:2    | 18665 ||| Stepping ~*~*~tactically~*~*~ (retreating).
 18666 | Orc:2    | 18666 ||| Stepping ~*~*~tactically~*~*~ (retreating).
 18669 | Orc:2    | 18669 ||| INVOKING Heroism.
 18707 | Orc:2    | Found Bioheah's Antique Weapon Emporium.
 18707 | Orc:2    | Found Goimoy Xuor's Book Shoppe.
 18710 | Orc:2    | Found a one-way gate leading to the halls of Pandemonium.
 18759 | Orc:2    | 18759 ||| RETREATING.
 18769 | Orc:2    | 18769 ||| INVOKING Heroism.
 18813 | Orc:2    | Reached skill level 21 in Ranged Weapons
 18966 | Orc:2    | 18966 ||| Stepping ~*~*~tactically~*~*~ (outnumbered).
 18968 | Orc:2    | 18968 ||| RETREATING.
 18969 | Orc:2    | 18969 ||| Stepping ~*~*~tactically~*~*~ (outnumbered).
 18973 | Orc:2    | 18973 ||| INVOKING Heroism.
 18985 | Orc:2    | 18985 ||| Stepping ~*~*~tactically~*~*~ (retreating).
 18986 | Orc:2    | 18986 ||| Stepping ~*~*~tactically~*~*~ (retreating).
 18987 | Orc:2    | 18987 ||| Stepping ~*~*~tactically~*~*~ (retreating).
 18988 | Orc:2    | 18988 ||| Stepping ~*~*~tactically~*~*~ (retreating).
 19362 | Orc:2    | 19362 ||| PLANNING SWAMP:1-3
 19537 | Swamp:1  | Entered Level 1 of the Swamp
 19541 | Swamp:1  | 19541 ||| INVOKING Heroism.
 19558 | Swamp:1  | Noticed Frances
 19559 | Swamp:1  | 19559 ||| RETREATING.
 19560 | Swamp:1  | 19560 ||| INVOKING Finesse.
 19561 | Swamp:1  | 19561 ||| INVOKING Heroism.
 19562 | Swamp:1  | 19562 ||| Stepping ~*~*~tactically~*~*~ (retreating).
 19565 | Swamp:1  | 19565 ||| Stepping ~*~*~tactically~*~*~ (retreating).
 19566 | Swamp:1  | 19566 ||| Stepping ~*~*~tactically~*~*~ (retreating).
 19570 | Swamp:1  | Killed Frances
 19654 | Swamp:1  | 19654 ||| Stepping ~*~*~tactically~*~*~ (outnumbered).
 19656 | Swamp:1  | 19656 ||| INVOKING Heroism.
 19690 | Swamp:1  | 19690 ||| RETREATING.
 19691 | Swamp:1  | 19691 ||| INVOKING Heroism.
 19871 | Swamp:1  | 19871 ||| INVOKING Heroism.
 20056 | Swamp:1  | 20056 ||| DROPPING +1 robe of fire resistance.
 20057 | Swamp:1  | 20057 ||| UPGRADING to ring of see invisible.
 20059 | Swamp:1  | 20059 ||| READING scroll labelled MISER EMNIK.
 20060 | Swamp:1  | 20060 ||| READING 10 scrolls of identify.
 20060 | Swamp:1  | 20060 ||| IDENTIFYING bubbling blue potion
 20061 | Swamp:1  | 20061 ||| DROPPING potion of berserk rage.
 20090 | Swamp:2  | 20090 ||| STAIRDANCE
 20227 | Swamp:2  | 20227 ||| INVOKING Heroism.
 20229 | Swamp:2  | 20229 ||| RETREATING.
 20230 | Swamp:2  | 20230 ||| Stepping ~*~*~tactically~*~*~ (outnumbered).
 20283 | Swamp:2  | 20283 ||| INVOKING Heroism.
 20317 | Swamp:2  | Reached skill level 15 in Fighting
 20317 | Swamp:2  | 20317 ||| INVOKING Heroism.
 20452 | Swamp:2  | 20452 ||| INVOKING Heroism.
 20542 | Swamp:2  | 20542 ||| FLEEEEING.
 20543 | Swamp:2  | 20543 ||| FLEEEEING.
 20566 | Swamp:2  | 20566 ||| INVOKING Heroism.
 20591 | Swamp:2  | You are sucked into a shaft and drop 1 floor!
 20645 | Swamp:3  | 20645 ||| INVOKING Heroism.
 20909 | Swamp:3  | 20909 ||| STAIRDANCE
 20923 | Swamp:3  | 20923 ||| STAIRDANCE
 21004 | Swamp:3  | 21004 ||| Stepping ~*~*~tactically~*~*~ (retreating).
 21005 | Swamp:3  | 21005 ||| Stepping ~*~*~tactically~*~*~ (retreating).
 21006 | Swamp:3  | 21006 ||| Stepping ~*~*~tactically~*~*~ (retreating).
 21007 | Swamp:3  | 21007 ||| Stepping ~*~*~tactically~*~*~ (retreating).
 21008 | Swamp:3  | 21008 ||| Stepping ~*~*~tactically~*~*~ (retreating).
 21009 | Swamp:3  | 21009 ||| Stepping ~*~*~tactically~*~*~ (retreating).
 21010 | Swamp:3  | 21010 ||| Stepping ~*~*~tactically~*~*~ (retreating).
 21011 | Swamp:3  | 21011 ||| Stepping ~*~*~tactically~*~*~ (retreating).
 21012 | Swamp:3  | 21012 ||| Stepping ~*~*~tactically~*~*~ (retreating).
 21013 | Swamp:3  | 21013 ||| Stepping ~*~*~tactically~*~*~ (retreating).
 21014 | Swamp:3  | 21014 ||| INVOKING Heroism.
 21018 | Swamp:3  | HP: 23/108 [water nymph/the raging water (17)]
 21019 | Swamp:3  | 21019 ||| READING 6 scrolls of teleportation.
 21020 | Swamp:3  | 21020 ||| DRINKING 6 potions of heal wounds.
 21074 | Swamp:3  | 21074 ||| INVOKING Heroism.
 21076 | Swamp:3  | Reached XP level 17. HP: 113/113 MP: 21/24
 21084 | Swamp:3  | Identified the +2 chain mail "Ciqa" {Harm *Slow Str+7
                  | Dex-5} (Okawaru gifted it to you on level 3 of the Swamp)
 21084 | Swamp:3  | Received a gift from Okawaru
 21098 | Swamp:3  | 21098 ||| Stepping ~*~*~tactically~*~*~ (outnumbered).
 21100 | Swamp:3  | 21100 ||| Stepping ~*~*~tactically~*~*~ (outnumbered).
 21379 | Swamp:3  | 21379 ||| PLANNING SNAKE:1-3
 21457 | Snake:1  | Entered Level 1 of the Snake Pit
 21481 | Snake:1  | Reached skill level 22 in Ranged Weapons
 21544 | Snake:1  | 21544 ||| INVOKING Heroism.
 21590 | Snake:1  | 21590 ||| INVOKING Heroism.
 21791 | Snake:1  | Noticed Louise
 21801 | Snake:1  | Killed Louise
 21803 | Snake:1  | 21803 ||| INVOKING Heroism.
 21964 | Snake:1  | 21964 ||| RETREATING.
 22063 | Snake:1  | Noticed Aizul
 22064 | Snake:1  | 22064 ||| INVOKING Heroism.
 22078 | Snake:1  | Killed Aizul
 22143 | Snake:1  | 22143 ||| READING scroll of enchant weapon.
 22143 | Snake:1  | 22143 ||| ENCHANTING +5 triple crossbow of chaos.
 22193 | Snake:1  | 22193 ||| RETREATING.
 22593 | Snake:2  | Found Laroun's General Store.
 22605 | Snake:2  | 22605 ||| BUYING potion of mutation (136 gold).
 22605 | Snake:2  | Bought a potion of mutation for 136 gold pieces
 22633 | Snake:2  | 22633 ||| INVOKING Heroism.
 22663 | Snake:2  | 22663 ||| RETREATING.
 22664 | Snake:2  | 22664 ||| Stepping ~*~*~tactically~*~*~ (outnumbered).
 22666 | Snake:2  | 22666 ||| INVOKING Heroism.
 22671 | Snake:2  | 22671 ||| RETREATING.
 22675 | Snake:2  | 22675 ||| Stepping ~*~*~tactically~*~*~ (outnumbered).
 22716 | Snake:2  | 22716 ||| Stepping ~*~*~tactically~*~*~ (outnumbered).
 22756 | Snake:2  | 22756 ||| INVOKING Heroism.
 22761 | Snake:2  | 22761 ||| Stepping ~*~*~tactically~*~*~ (retreating).
 22762 | Snake:2  | 22762 ||| Stepping ~*~*~tactically~*~*~ (retreating).
 22763 | Snake:2  | 22763 ||| Stepping ~*~*~tactically~*~*~ (outnumbered).
 22827 | Snake:2  | 22827 ||| Stepping ~*~*~tactically~*~*~ (outnumbered).
 22829 | Snake:2  | 22829 ||| Stepping ~*~*~tactically~*~*~ (outnumbered).
 22831 | Snake:2  | 22831 ||| Stepping ~*~*~tactically~*~*~ (outnumbered).
 22833 | Snake:2  | 22833 ||| Stepping ~*~*~tactically~*~*~ (outnumbered).
 22835 | Snake:2  | 22835 ||| RETREATING.
 22894 | Snake:2  | 22894 ||| Stepping ~*~*~tactically~*~*~ (outnumbered).
 22897 | Snake:2  | 22897 ||| Stepping ~*~*~tactically~*~*~ (outnumbered).
 22899 | Snake:2  | 22899 ||| Stepping ~*~*~tactically~*~*~ (outnumbered).
 22901 | Snake:2  | 22901 ||| Stepping ~*~*~tactically~*~*~ (outnumbered).
 22905 | Snake:2  | 22905 ||| Stepping ~*~*~tactically~*~*~ (retreating).
 22906 | Snake:2  | 22906 ||| RETREATING.
 22909 | Snake:2  | 22909 ||| Stepping ~*~*~tactically~*~*~ (outnumbered).
 22910 | Snake:2  | 22910 ||| RETREATING.
 22913 | Snake:2  | 22913 ||| Stepping ~*~*~tactically~*~*~ (outnumbered).
 22914 | Snake:2  | 22914 ||| RETREATING.
 22916 | Snake:2  | 22916 ||| INVOKING Heroism.
 22992 | Snake:2  | 22992 ||| INVOKING Heroism.
 23229 | Snake:2  | Reached skill level 9 in Armour
 23370 | Snake:3  | 23370 ||| INVOKING Heroism.
 23377 | Snake:3  | 23377 ||| Stepping ~*~*~tactically~*~*~ (outnumbered).
 23598 | Snake:3  | Found Qabuil's Weapon Boutique.
 23605 | Snake:3  | Found Ciskued's Jewellery Boutique.
 23613 | Snake:3  | 23613 ||| BUYING +4 ring of slaying (1404 gold).
 23613 | Snake:3  | Bought a +4 ring of slaying for 1404 gold pieces
 23613 | Snake:3  | 23613 ||| SHOPLISTING amulet of reflection (540 gold, have
                  | 439).
 23626 | Snake:3  | Received a gift from Okawaru
 23626 | Snake:3  | Found the +8 storm bow {elec, penet}
 23636 | Snake:3  | 23636 ||| Stepping ~*~*~tactically~*~*~ (outnumbered).
 23638 | Snake:3  | 23638 ||| RETREATING.
 23640 | Snake:3  | 23640 ||| RETREATING.
 23643 | Snake:3  | 23643 ||| Stepping ~*~*~tactically~*~*~ (outnumbered).
 23741 | Snake:3  | 23741 ||| RETREATING.
 23743 | Snake:3  | 23743 ||| RETREATING.
 23747 | Snake:3  | Reached XP level 18. HP: 123/123 MP: 25/25
 23785 | Snake:3  | 23785 ||| INVOKING Heroism.
 23799 | Snake:3  | 23799 ||| Stepping ~*~*~tactically~*~*~ (outnumbered).
 23805 | Snake:3  | 23805 ||| RETREATING.
 23928 | Snake:3  | 23928 ||| PLANNING SWAMP:4
 23928 | Snake:3  | 23928 ||| DROPPING ring of resist corrosion.
 23929 | Snake:3  | 23929 ||| DROPPING ring of protection from cold.
 24037 | Swamp:4  | Entered Level 4 of the Swamp
 24155 | Swamp:4  | 24155 ||| READING scroll of enchant armour.
 24155 | Swamp:4  | 24155 ||| ENCHANTING +0 pair of gloves.
 24163 | Swamp:4  | Reached skill level 12 in Dodging
 24167 | Swamp:4  | 24167 ||| Stepping ~*~*~tactically~*~*~ (outnumbered).
 24186 | Swamp:4  | 24186 ||| Stepping ~*~*~tactically~*~*~ (cloud).
 24189 | Swamp:4  | 24189 ||| INVOKING Heroism.
 24266 | Swamp:4  | 24266 ||| INVOKING Heroism.
 24281 | Swamp:4  | 24281 ||| RETREATING.
 24283 | Swamp:4  | 24283 ||| Stepping ~*~*~tactically~*~*~ (retreating).
 24284 | Swamp:4  | 24284 ||| Stepping ~*~*~tactically~*~*~ (retreating).
 24285 | Swamp:4  | 24285 ||| Stepping ~*~*~tactically~*~*~ (retreating).
 24297 | Swamp:4  | 24297 ||| Stepping ~*~*~tactically~*~*~ (retreating).
 24311 | Swamp:4  | 24311 ||| FLEEEEING.
 24352 | Swamp:4  | 24352 ||| INVOKING Heroism.
 24358 | Swamp:4  | 24358 ||| INVOKING Finesse.
 24360 | Swamp:4  | Reached skill level 18 in Fighting
 24360 | Swamp:4  | 24360 ||| Stepping ~*~*~tactically~*~*~ (retreating).
 24361 | Swamp:4  | 24361 ||| Stepping ~*~*~tactically~*~*~ (retreating).
 24362 | Swamp:4  | 24362 ||| Stepping ~*~*~tactically~*~*~ (retreating).
 24363 | Swamp:4  | 24363 ||| Stepping ~*~*~tactically~*~*~ (retreating).
 24364 | Swamp:4  | 24364 ||| Stepping ~*~*~tactically~*~*~ (retreating).
 24366 | Swamp:4  | 24366 ||| Stepping ~*~*~tactically~*~*~ (retreating).
 24367 | Swamp:4  | 24367 ||| Stepping ~*~*~tactically~*~*~ (retreating).
 24368 | Swamp:4  | 24368 ||| Stepping ~*~*~tactically~*~*~ (retreating).
 24370 | Swamp:4  | 24370 ||| Stepping ~*~*~tactically~*~*~ (retreating).
 24427 | Swamp:4  | Got a decaying rune of Zot
 24543 | Swamp:4  | Identified the +3 hand axe "Puvazout" {heavy, rF+ rN+}
 24586 | Swamp:4  | 24586 ||| INVOKING Heroism.
 24734 | Swamp:4  | 24734 ||| PLANNING VAULTS:1-4
 24903 | Vaults:1 | Entered Level 1 of the Vaults
 24911 | Vaults:1 | 24911 ||| INVOKING Heroism.
 24912 | Vaults:1 | 24912 ||| RETREATING.
 24914 | Vaults:1 | 24914 ||| INVOKING Finesse.
 24919 | Vaults:1 | HP: 26/125 [ironbound frostheart/creeping frost (14)]
 24920 | Vaults:1 | 24920 ||| READING 8 scrolls of teleportation.
 24920 | Vaults:1 | Slain by an ironbound frostheart

Levels and vault maps discovered:
D:1:      scummos_arrival_checkerplants, layout_basic, serial_shops, shop
D:2:      layout_basic
D:3:      layout_rooms, zin_treasury, nicolae_overflow_ecumenical_swirl,
          minmay_snake_closets
D:4:      layout_basic, nemelex_dance_club_becter
D:5:      layout_basic, nicolae_elevator_lobby_plus
D:6:      layout_basic, kennysheep_mini_moat, nicolae_overflow_hidden_temple,
          minmay_temple_entry_overgrown, grunt_ministairs_9,
          nicolae_alphabet_shops
D:7:      layout_basic, serial_shops, nicolae_shop_pleasant_corner_grove,
          nicolae_shop_i_like_small_books_too, minmay_bent, uniq_menkaure,
          uniq_duvessa
D:8:      layout_basic, tgw_fedhas, grunt_lair_entry_orc_guard_hut,
          introduction_to_nature_1, uniq_maurice
D:9:      layout_loops_ring, doesnt_xom_only_xom
D:10:     layout_loops_cross, kiku_gazebo_pond_becter
D:11:     layout_basic, orc_0_dummy, ebering_ghost_rock_garden, st_stairs_9
D:12:     layout_cave_pools
D:13:     layout_loops_ring, david_vaults_3, biasface_ghost_orc_armoury
D:14:     layout_basic, tso_metal_star
D:15:     grunt_enter_depths_giant_problem, layout_small_grid,
          gammafunk_ghost_hydra_chop, minmay_misc_feat_secret_circle,
          uniq_josephine
Lair:1:   layout_misc_corridors, lemuel_old_faithful, serial_bayou_shore_a,
          grunt_megastairs_1
Lair:2:   layout_chaotic_city, swamp_mist, nicolae_snake_entry_squirm,
          grunt_megastairs_4
Lair:3:   layout_long_grid, beast_lair_carwin_3
Lair:4:   gammafunk_boulding_lane, layout_regular_city, slime_entry_1,
          basic_altar
Lair:5:   evil_forest, layout_cave_pods, dpeg_oklob_1,
          infiniplex_staircase_pool_2
Swamp:1:  layout_basic_swamp, nicolae_swamp_big_swirl,
          infiniplex_staircase_pool, uniq_frances
Swamp:2:  layout_basic_swamp, hangedman_swamp_lotus, swamp_pool3,
          hangedman_swamp_diagram
Swamp:3:  layout_falls_marsh, nicolae_swamp_some_circles,
          nicolae_swamp_nymph_family_reunion
Swamp:4:  swamp_basic_johnstein, layout_basic_swamp
Snake:1:  layout_onion, uniq_louise, uniq_aizul
Snake:2:  layout_misc_corridors, serial_shops, shop,
          nicolae_snake_magic_snake_eye
Snake:3:  layout_rooms, grunt_megastairs_5, minmay_shop_star
Orc:1:    layout_caves, portal_ice_cave_demonic_guard
Orc:2:    pf_orc_diabolical, layout_diamond_mine
Vaults:1: nicolae_vaults_trapezoid_lopsided_3, nicolae_vaults_branching_niches,
          v_pattern_5, v_misc_28, nicolae_vaults_double_plus_1,
          vaults_mumra_minichess, nicolae_vaults_little_squares_5,
          nicolae_vaults_house_3, ontoclasm_vaults_eye,
          nicolae_vaults_network_barrier, nicolae_vaults_storage_closets_3,
          v_alt_pattern_1, layout_vaults_omnibox

Skill      XL: |  1  2  3  4  5  6  7  8  9 10 11 12 13 14 15 16 17 18 |
---------------+-------------------------------------------------------+-----
Ranged Weapons | 5 6 7 8 10 11 13 14 15 17 19 20 21 22 | 22.0
Fighting       | 3 4 5 6 8 9 10 11 13 14 15 17 18 | 18.0
Armour         | 1 2 3 4 5 7 9 10 | 10.0
Dodging        | 2 3 4 5 7 8 9 10 11 12 | 12.0
Invocations    | 4 7 10 | 10.0
Stealth        | |  1.1

Action                     |  1- 3 |  4- 6 |  7- 9 | 10-12 | 13-15 | 16-18 || total
---------------------------+-------+-------+-------+-------+-------+-------++-------
   Fire: Shortbow          |   108 |   253 |   116 |       |       |       ||   477
         Orcbow            |       |       |    51 |       |       |       ||    51
         Triple crossbow   |       |       |    95 |   366 |   894 |   817 ||  2172
 Invoke: Heroism           |       |       |     8 |    22 |    32 |    34 ||    96
         Finesse           |       |       |       |     2 |     9 |     4 ||    15
    Use: Scroll            |     1 |     6 |    10 |     4 |     9 |     6 ||    36
         Potion            |       |     3 |     2 |       |     1 |     1 ||     7
 Armour: Leather armour    |    45 |    10 |       |       |   115 |       ||   170
         Ring mail         |       |   121 |    99 |   210 |    29 |       ||   459
         Troll leather arm |       |       |       |       |   116 |   318 ||   434
  Dodge: Dodged            |    48 |    82 |   102 |   246 |   371 |   461 ||  1310

Table legend:
 A = Non-vault XP
 B = Vault XP
 C = Vault XP percentage of total XP
 D = Non-vault monster count
 E = Vault monster count
 F = Vault count percentage of total count
                 A         B        C        D         E       F
            +---------+---------+-------+---------+---------+-------
      Total |  189985 |   90002 |  32.1 |     693 |     252 |  26.7
            +---------+---------+-------+---------+---------+-------
        D:1 |      54 |       0 |   0.0 |      30 |       0 |   0.0
        D:2 |     112 |       0 |   0.0 |      26 |       0 |   0.0
        D:3 |      81 |      60 |  42.6 |      18 |       8 |  30.8
        D:4 |     126 |       5 |   3.8 |      14 |       2 |  12.5
        D:5 |    1089 |       0 |   0.0 |      31 |       0 |   0.0
        D:6 |    1432 |     169 |  10.6 |      24 |       2 |   7.7
        D:7 |    1021 |    1044 |  50.6 |      24 |      10 |  29.4
        D:8 |    2935 |    2532 |  46.3 |      24 |      26 |  52.0
        D:9 |    4013 |       0 |   0.0 |      24 |       0 |   0.0
       D:10 |    2401 |       0 |   0.0 |      13 |       0 |   0.0
       D:11 |    6391 |    1565 |  19.7 |      18 |       3 |  14.3
       D:12 |    3438 |       0 |   0.0 |      14 |       0 |   0.0
       D:13 |    4748 |    6835 |  59.0 |       8 |      20 |  71.4
       D:14 |    8091 |       0 |   0.0 |      19 |       0 |   0.0
       D:15 |    6808 |    3023 |  30.7 |      15 |       7 |  31.8
     Lair:1 |    4902 |    1695 |  25.7 |      27 |       9 |  25.0
     Lair:2 |   16960 |    3014 |  15.1 |      45 |       7 |  13.5
     Lair:3 |    4815 |    1368 |  22.1 |      17 |       5 |  22.7
     Lair:4 |    5234 |       0 |   0.0 |      19 |       0 |   0.0
     Lair:5 |    9960 |    9938 |  49.9 |      35 |      28 |  44.4
    Swamp:1 |   13032 |    1446 |  10.0 |      27 |       1 |   3.6
    Swamp:2 |   13882 |       0 |   0.0 |      25 |       0 |   0.0
    Swamp:3 |    9442 |    2848 |  23.2 |      19 |       4 |  17.4
    Swamp:4 |   11163 |   18060 |  61.8 |      23 |      30 |  56.6
    Snake:1 |   17477 |    2577 |  12.9 |      35 |       2 |   5.4
    Snake:2 |    8230 |   11697 |  58.7 |      18 |      17 |  48.6
    Snake:3 |   22987 |    2011 |   8.0 |      41 |       3 |   6.8
      Orc:1 |    4433 |     671 |  13.1 |      34 |       2 |   5.6
      Orc:2 |    4728 |   18780 |  79.9 |      26 |      65 |  71.4
   Vaults:1 |       0 |     664 | 100.0 |       0 |       1 | 100.0
            +---------+---------+-------+---------+---------+-------
